Jets vs Nordiques
Created - March 15, 2019 at 19:05
Goals
|
Jets |
2 |
3 |
0 |
5 |
Nordiques |
2 |
1 |
3 |
6 |
|
Shots
|
Jets |
22 |
9 |
11 |
42 |
Nordiques |
15 |
13 |
13 |
41 |
|
1st period
1. Nordiques , Marc Savard 19 (Simon Gagné 21, Ryan Ellis 45) at 0:14
2. Jets , Mike Richards 28 (Jacob Trouba 11, Benoit Pouliot 36) at 3:11
3. Jets , Mike Richards 29 (Derek Roy 20, Marco Scandella 25) at 3:58 (PP)
4. Nordiques , R.J. Umberger 21 (Dustin Byfuglien 8, Mark Eaton 15) at 9:56
Penalties :
Simon Gagné (Que) for Hooking (Minor) at 3:18, Simon Gagné (Que) for Tripping (Minor) at 18:54
2nd period
5. Jets , Mike Richards 30 (Nino Niederreiter 12, Benoit Pouliot 37) at 3:36
6. Nordiques , Simon Gagné 22 (Vladimir Tarasenko 31, Marc Savard 52) at 4:32 (PP)
7. Jets , Corey Perry 26 (Derek Stepan 47) at 17:28
8. Jets , Derek Stepan 24 (Corey Perry 27, Tyler Myers 18) at 17:38
Penalties :
Tyler Myers (Win) for Roughing (Minor) at 4:23, Mike Fisher (Que) for Tripping (Minor) at 14:40
3rd period
9. Nordiques , David Legwand 19 (Ryan Ellis 46, Ryan Callahan 11) at 0:40
10. Nordiques , David Legwand 20 (Mark Eaton 16) at 12:34
11. Nordiques , Jean-Pierre Dumont 21 (Matt Moulson 15, Chris Drury 23) at 19:10
Penalties :
Eric Gelinas (Win) for Tripping (Minor) at 5:54
Goalie Stats
Kari Lehtonen (Win), 35 saves from 41 shots - (0.854), L, 14-13-1, 59:32 minutes
Jonathan Quick (Que), 37 saves from 42 shots - (0.881), W, 31-20-3, 60:00 minutes
Players Stats for Jets
Player Name G A P +/- PIM S H SB GA TA FO MP PP MP PK MP
------------------------------------------------------------------------------------
Benoit Pouliot 0 2 2 0 0 2 2 0 2 2 0/3 19:42 2:57 0:28
Corey Perry 1 1 2 1 0 9 2 0 2 0 1/5 22:11 2:57 0:27
Derek Roy 0 1 1 -1 0 3 0 1 0 1 3/8 13:22 1:41 0:39
Derek Stepan 1 1 2 1 0 3 1 0 0 0 16/27 21:44 2:57 0:00
Eric Gelinas 0 0 0 3 2 1 1 0 0 1 0/0 17:42 1:07 0:09
Erik Haula 0 0 0 1 0 0 0 0 2 0 0/3 19:06 0:00 1:11
Jacob Trouba 0 1 1 3 0 4 0 1 0 0 0/0 16:17 0:00 0:54
Jared Spurgeon 0 0 0 -1 0 1 0 2 0 1 0/0 12:05 0:00 0:00
Joe Colborne 0 0 0 -1 0 2 2 0 0 0 0/2 8:02 0:00 0:00
Kevin Hayes 0 0 0 -1 0 1 0 0 1 0 0/0 8:02 0:00 0:00
Lee Stempniak 0 0 0 -1 0 3 1 0 0 0 1/1 10:53 0:00 0:00
Marco Scandella 0 1 1 -3 0 3 2 4 0 2 0/0 29:27 3:31 1:14
Matt Cooke 0 0 0 -1 0 2 1 0 0 0 0/0 10:53 0:00 0:00
Mike Richards 3 0 3 0 0 5 1 0 1 0 18/30 17:37 1:41 0:26
Nino Niederreiter 0 1 1 0 0 1 2 2 0 0 0/1 18:16 1:41 1:05
Oscar Klefbom 0 0 0 -1 0 0 0 3 0 0 0/0 17:16 3:31 1:05
Ronalds Kenins 0 0 0 -1 0 1 1 0 0 0 0/0 8:02 0:00 0:00
Tyler Myers 0 1 1 -3 2 1 1 1 1 2 0/0 27:13 1:07 0:54
Players Stats for Nordiques
Player Name G A P +/- PIM S H SB GA TA FO MP PP MP PK MP
------------------------------------------------------------------------------------
Chris Drury 0 1 1 1 0 0 0 0 1 0 6/9 10:41 0:00 0:00
David Legwand 2 0 2 0 0 7 0 0 0 0 9/16 17:10 0:50 1:17
Dustin Byfuglien 0 1 1 1 0 0 0 1 1 0 0/0 12:00 0:00 0:00
Fedor Tyutin 0 0 0 0 0 1 0 1 1 1 0/0 19:37 0:57 2:42
George Parros 0 0 0 0 0 0 0 0 0 1 0/0 8:06 0:00 0:00
Jay Bouwmeester 0 0 0 0 0 2 0 1 0 4 0/0 25:48 1:11 0:00
Jean-Pierre Dumont 1 0 1 1 0 3 3 1 0 0 0/0 10:41 0:00 0:00
Kyle Calder 0 0 0 0 0 2 0 0 0 0 0/0 8:06 0:00 0:00
Marc Savard 1 1 2 0 0 7 3 1 0 1 23/44 24:03 1:18 3:21
Mark Eaton 0 2 2 1 0 1 0 2 1 0 0/0 14:35 0:00 1:56
Matt Moulson 0 1 1 1 0 1 0 0 1 0 0/1 10:41 0:00 0:00
Mike Fisher 0 0 0 0 2 0 1 0 0 0 2/5 9:29 0:00 0:00
R.J. Umberger 1 0 1 0 0 4 2 0 1 0 0/1 16:35 0:50 0:42
Ryan Callahan 0 1 1 0 0 2 0 1 1 0 0/1 15:49 0:50 0:00
Ryan Ellis 0 2 2 0 0 3 3 3 1 0 0/0 28:30 1:11 2:42
Simon Gagné 1 1 2 0 4 2 1 1 0 0 0/0 19:55 1:18 0:35
Trevor Daley 0 0 0 0 0 1 0 0 0 2 0/0 19:30 0:57 1:56
Vladimir Tarasenko 0 1 1 0 0 5 1 1 1 0 1/3 24:03 1:18 3:21
3 Stars
1 - Mike Richards (Win)
2 - David Legwand (Que)
3 - Marc Savard (Que)
Power Play
Jets - 1 on 3 Attempt(s) - 33.33%
Nordiques - 1 on 2 Attempt(s) - 50.00%
Penalty Kill
Jets - 1 on 2 Attempt(s) - 50.00%
- Score 0 goal in Penalty Kill
Nordiques - 2 on 3 Attempt(s) - 66.67%
- Score 0 goal in Penalty Kill
Team Stat
Jets - Hits : 17 - Faceoff Wins : 39 - Blocked Shots : 14 - Penalty Minutes : 4
Nordiques - Hits : 14 - Faceoff Wins : 41 - Blocked Shots : 13 - Penalty Minutes : 6
Official
Referees : Unknown
Linesman : Unknown
Game Notes
Mike Richards has scored a Hat Trick!
Finance
Level 1 -- Attendance: 4304 (71.73%) -- Ticket Income $451,920
Level 2 -- Attendance: 3897 (77.94%) -- Ticket Income $253,305
Level 3 -- Attendance: 1436 (71.80%) -- Ticket Income $66,056
Level 4 -- Attendance: 2734 (68.35%) -- Ticket Income $95,690
Luxury Box -- Attendance: 949 (94.90%) -- Ticket Income $156,585
Game was played at the Centre Videotron.
Total Attendance: 13320 (74.00%)
Total Ticket Income: $1,023,556
Other Income: $153,533
Total Income: $1,177,089
Jets
5 vs 5 Forward
Center Left Wing Right Wing Time % Phy DF OF
1 Derek Stepan Erik Haula Corey Perry 37 1 2 2
2 Mike Richards Benoit Pouliot Nino Niederreiter 33 1 2 2
3 Derek Roy Matt Cooke Lee Stempniak 20 1 2 2
4 Joe Colborne Ronalds Kenins Kevin Hayes 10 1 2 2
5 vs 5 Defense
Defense Defense Time % Phy DF OF
1 Marco Scandella Tyler Myers 38 1 2 2
2 Jacob Trouba Eric Gelinas 30 1 2 2
3 Jared Spurgeon Oscar Klefbom 22 1 2 2
4 Marco Scandella Tyler Myers 10 1 2 2
PowerPlay Forward
Center Left Wing Right Wing Time % Phy DF OF
1 Derek Stepan Benoit Pouliot Corey Perry 60 0 0 5
2 Mike Richards Nino Niederreiter Derek Roy 40 0 1 4
PowerPlay Defense
Defense Defense Time % Phy DF OF
1 Marco Scandella Oscar Klefbom 60 0 1 4
2 Eric Gelinas Tyler Myers 40 0 1 4
Penalty Kill 4 Players Forward
Center Wing Time % Phy DF OF
1 Erik Haula Nino Niederreiter 60 0 4 1
2 Derek Roy Mike Richards 40 0 4 1
Penalty Kill 4 Players Defense
Defense Defense Time % Phy DF OF
1 Marco Scandella Eric Gelinas 60 1 4 0
2 Tyler Myers Jacob Trouba 40 1 4 0
Penalty Kill - 3 Players Forward
Forward Time % Phy DF OF
1 Erik Haula 60 0 4 1
2 Nino Niederreiter 40 0 4 1
Penalty Kill - 3 Players Defense
Defense Defense Time % Phy DF OF
1 Marco Scandella Eric Gelinas 60 1 4 0
2 Jacob Trouba Tyler Myers 40 0 5 0
4 vs 4 Forward
Center Wing Time % Phy DF OF
1 Derek Stepan Corey Perry 60 1 2 2
2 Mike Richards Benoit Pouliot 40 1 2 2
4 vs 4 Defense
Defense Defense Time % Phy DF OF
1 Tyler Myers Marco Scandella 60 1 2 2
2 Oscar Klefbom Eric Gelinas 40 1 2 2
Last Minutes Offensive
Center Left Wing Right Wing Defense Defense
Derek Stepan Benoit Pouliot Corey Perry Tyler Myers Marco Scandella
Last Minutes Defensive
Center Left Wing Right Wing Defense Defense
Derek Roy Erik Haula Nino Niederreiter Marco Scandella Tyler Myers
Goaltenders
Starting : Kari Lehtonen
Backup : Jonathan Bernier
Extra Forwards
Normal : Benoit Pouliot, Derek Stepan, Corey Perry - PP : Benoit Pouliot, Derek Stepan - PK : Corey Perry
Extra Defensemen
Normal : Tyler Myers, Marco Scandella, Eric Gelinas - PP : Marco Scandella - PK : Marco Scandella, Eric Gelinas
Penalty Shots
Benoit Pouliot, Mike Richards, Corey Perry, Derek Stepan, Erik Haula
Scratches
Marcus Johansson (Right Knee Injury)
Nordiques
5 vs 5 Forward
Center Left Wing Right Wing Time % Phy DF OF
1 Marc Savard Simon Gagné Vladimir Tarasenko 40 0 1 4
2 David Legwand R.J. Umberger Ryan Callahan 30 1 1 3
3 Chris Drury Matt Moulson Jean-Pierre Dumont 20 1 1 3
4 Mike Fisher Kyle Calder George Parros 10 2 1 2
5 vs 5 Defense
Defense Defense Time % Phy DF OF
1 Jay Bouwmeester Ryan Ellis 40 1 3 1
2 Fedor Tyutin Trevor Daley 30 1 3 1
3 Dustin Byfuglien Mark Eaton 20 1 3 1
4 Jay Bouwmeester Ryan Ellis 10 1 3 1
PowerPlay Forward
Center Left Wing Right Wing Time % Phy DF OF
1 Marc Savard Simon Gagné Vladimir Tarasenko 60 0 0 5
2 David Legwand R.J. Umberger Ryan Callahan 40 0 0 5
PowerPlay Defense
Defense Defense Time % Phy DF OF
1 Jay Bouwmeester Ryan Ellis 60 0 2 3
2 Trevor Daley Fedor Tyutin 40 0 2 3
Penalty Kill 4 Players Forward
Center Wing Time % Phy DF OF
1 Marc Savard Vladimir Tarasenko 60 1 4 0
2 David Legwand Simon Gagné 40 1 4 0
Penalty Kill 4 Players Defense
Defense Defense Time % Phy DF OF
1 Fedor Tyutin Ryan Ellis 60 1 4 0
2 Trevor Daley Mark Eaton 40 1 4 0
Penalty Kill - 3 Players Forward
Forward Time % Phy DF OF
1 Marc Savard 60 0 5 0
2 Vladimir Tarasenko 40 0 5 0
Penalty Kill - 3 Players Defense
Defense Defense Time % Phy DF OF
1 Fedor Tyutin Ryan Ellis 60 1 4 0
2 Mark Eaton Trevor Daley 40 1 4 0
4 vs 4 Forward
Center Wing Time % Phy DF OF
1 Marc Savard Vladimir Tarasenko 60 0 1 4
2 David Legwand Chris Drury 40 0 1 4
4 vs 4 Defense
Defense Defense Time % Phy DF OF
1 Jay Bouwmeester Ryan Ellis 60 1 4 0
2 Fedor Tyutin Trevor Daley 40 1 4 0
Last Minutes Offensive
Center Left Wing Right Wing Defense Defense
Marc Savard Simon Gagné Vladimir Tarasenko Fedor Tyutin Ryan Ellis
Last Minutes Defensive
Center Left Wing Right Wing Defense Defense
Marc Savard Mike Fisher Vladimir Tarasenko Jay Bouwmeester Ryan Ellis
Goaltenders
Starting : Jonathan Quick
Backup : Philipp Grubauer
Extra Forwards
Normal : Vladimir Tarasenko, Ryan Callahan, David Legwand - PP : Vladimir Tarasenko, Ryan Callahan - PK : R.J. Umberger
Extra Defensemen
Normal : Ryan Ellis, Fedor Tyutin, Jay Bouwmeester - PP : Ryan Ellis - PK : Mark Eaton, Fedor Tyutin
Penalty Shots
Marc Savard, Vladimir Tarasenko, David Legwand, Chris Drury, Ryan Callahan
Scratches
Bruno Gervais (Healthy), Paul Gaustad (Healthy), T.J. Fast (Healthy), Tim Crowder (Healthy), Julien Ellis (Healthy)
% Time on Ice - Jets
Lines # - Real PCT - Wanted PCT - Time Play
Normal Forward
1 - 34% - 37% - 18:00
2 - 30% - 33% - 15:30
3 - 21% - 20% - 10:53
4 - 15% - 10% - 8:02
Normal Defense
1 - 37% - 38% - 19:20
2 - 31% - 30% - 16:25
3 - 23% - 22% - 12:05
4 - 9% - 10% - 4:35
PP Forward
1 - 64% - 60% - 2:57
2 - 36% - 40% - 1:41
PP Defense
1 - 76% - 60% - 3:31
2 - 24% - 40% - 1:07
PK Forward
1 - 80% - 60% - 1:42
2 - 20% - 40% - 0:26
PK Defense
1 - 68% - 60% - 1:27
2 - 32% - 40% - 0:41
PK3 Forward
1 - 0% - 60%
2 - 0% - 40%
PK3 Defense
1 - 0% - 60%
2 - 0% - 40%
44 Forward
1 - 0% - 60%
2 - 0% - 40%
44 Defense
1 - 0% - 60%
2 - 0% - 40%
Last Minute Offensive - 0:49
Last Minute Defensive - 0:00
Total
Forward - 60:00
Defense - 60:00
|
% Time on Ice - Nordiques
Lines # - Real PCT - Wanted PCT - Time Play
Normal Forward
1 - 35% - 40% - 18:35
2 - 29% - 30% - 15:03
3 - 20% - 20% - 10:41
4 - 15% - 10% - 8:06
Normal Defense
1 - 39% - 40% - 20:29
2 - 32% - 30% - 16:37
3 - 23% - 20% - 12:00
4 - 6% - 10% - 3:19
PP Forward
1 - 61% - 60% - 1:18
2 - 39% - 40% - 0:50
PP Defense
1 - 55% - 60% - 1:11
2 - 45% - 40% - 0:57
PK Forward
1 - 72% - 60% - 3:21
2 - 28% - 40% - 1:17
PK Defense
1 - 58% - 60% - 2:42
2 - 42% - 40% - 1:56
PK3 Forward
1 - 0% - 60%
2 - 0% - 40%
PK3 Defense
1 - 0% - 60%
2 - 0% - 40%
44 Forward
1 - 0% - 60%
2 - 0% - 40%
44 Defense
1 - 0% - 60%
2 - 0% - 40%
Last Minute Offensive - 0:00
Last Minute Defensive - 0:49
Total
Forward - 60:00
Defense - 60:00
|
Play-by-Play
1st period
0:01 of 1st period - Marc Savard wins face-off versus Derek Stepan in neutral zone.
0:06 of 1st period - Snap shot by Simon Gagné.
0:06 of 1st period - Shot Misses the Net.
0:12 of 1st period - Slapshot by Simon Gagné.
0:12 of 1st period - Shot Blocked by Tyler Myers.
0:14 of 1st period - Snap shot by Marc Savard.
0:14 of 1st period - Goal by Marc Savard - Jets : 0 - Nordiques : 1.
0:15 of 1st period - Mike Richards wins face-off versus David Legwand in neutral zone.
0:29 of 1st period - Snap shot by Mike Richards.
0:29 of 1st period - Stopped by Jonathan Quick without a rebound.
0:30 of 1st period - Derek Roy wins face-off versus Chris Drury in Nordiques zone.
0:31 of 1st period - Wrist shot by Lee Stempniak.
0:31 of 1st period - Stopped by Jonathan Quick with a rebound.
0:33 of 1st period - Snap shot by Matt Cooke.
0:33 of 1st period - Stopped by Jonathan Quick without a rebound.
0:34 of 1st period - Chris Drury wins face-off versus Derek Roy in Nordiques zone.
1:47 of 1st period - Wrist shot by Benoit Pouliot.
1:47 of 1st period - Shot Misses the Net.
1:49 of 1st period - Slapshot by Jared Spurgeon.
1:49 of 1st period - Stopped by Jonathan Quick with a rebound.
1:53 of 1st period - Slapshot by Mike Richards.
1:53 of 1st period - Stopped by Jonathan Quick with a rebound.
1:55 of 1st period - Slapshot by Jared Spurgeon.
1:55 of 1st period - Shot Misses the Net.
3:07 of 1st period - Wrist shot by Benoit Pouliot.
3:07 of 1st period - Stopped by Jonathan Quick with a rebound.
3:09 of 1st period - Slapshot by Jacob Trouba.
3:09 of 1st period - Stopped by Jonathan Quick with a rebound.
3:11 of 1st period - Snap shot by Mike Richards.
3:11 of 1st period - Goal by Mike Richards - Jets : 1 - Nordiques : 1.
3:12 of 1st period - Derek Stepan wins face-off versus Marc Savard in neutral zone.
3:18 of 1st period - Minor Penalty to Simon Gagné for Hooking.
3:19 of 1st period - Derek Stepan wins face-off versus Marc Savard in Nordiques zone.
3:50 of 1st period - Snap shot by David Legwand.
3:50 of 1st period - Shot Blocked by Derek Roy.
3:58 of 1st period - Backhand shot by Mike Richards.
3:58 of 1st period - Goal by Mike Richards - Jets : 2 - Nordiques : 1.
3:59 of 1st period - Marc Savard wins face-off versus Derek Stepan in neutral zone.
4:05 of 1st period - Wrist shot by Simon Gagné.
4:05 of 1st period - Shot Blocked by Marco Scandella.
4:13 of 1st period - Snap shot by Marc Savard.
4:13 of 1st period - Stopped by Kari Lehtonen without a rebound.
4:14 of 1st period - David Legwand wins face-off versus Mike Richards in Jets zone.
4:14 of 1st period - David Legwand is hit by Marco Scandella.
4:40 of 1st period - Ryan Ellis is hit by Corey Perry.
4:48 of 1st period - Slapshot by Derek Stepan.
4:48 of 1st period - Shot Blocked by Marc Savard.
4:50 of 1st period - Wrist shot by Eric Gelinas.
4:50 of 1st period - Shot Hit the Post.
5:00 of 1st period - Snap shot by Jean-Pierre Dumont.
5:00 of 1st period - Stopped by Kari Lehtonen without a rebound.
5:01 of 1st period - Chris Drury wins face-off versus Derek Roy in Jets zone.
5:14 of 1st period - Fedor Tyutin is hit by Tyler Myers.
5:28 of 1st period - Snap shot by Derek Roy.
5:28 of 1st period - Shot Misses the Net.
6:10 of 1st period - Tyler Myers is hit by Mike Fisher and loses puck.
6:29 of 1st period - Ryan Ellis is hit by Marco Scandella.
6:32 of 1st period - Off-side.
6:33 of 1st period - Chris Drury wins face-off versus Joe Colborne in neutral zone.
6:53 of 1st period - Snap shot by Matt Moulson.
6:53 of 1st period - Stopped by Kari Lehtonen without a rebound.
6:54 of 1st period - Marc Savard wins face-off versus Benoit Pouliot in Jets zone.
7:27 of 1st period - Slapshot by Corey Perry.
7:27 of 1st period - Shot Misses the Net.
7:29 of 1st period - Slapshot by Erik Haula.
7:29 of 1st period - Shot Blocked by Fedor Tyutin.
7:37 of 1st period - Slapshot by Fedor Tyutin.
7:37 of 1st period - Shot Misses the Net.
7:49 of 1st period - Slapshot by Corey Perry.
7:49 of 1st period - Stopped by Jonathan Quick without a rebound.
7:50 of 1st period - Lee Stempniak wins face-off versus Mike Fisher in Nordiques zone.
8:04 of 1st period - Slapshot by Eric Gelinas.
8:04 of 1st period - Deflect By Jay Bouwmeester.
8:04 of 1st period - Stopped by Jonathan Quick with a rebound.
8:06 of 1st period - Wrist shot by Derek Roy.
8:06 of 1st period - Shot Misses the Net.
8:20 of 1st period - Wrist shot by Marc Savard.
8:20 of 1st period - Shot Misses the Net.
8:22 of 1st period - Slapshot by Simon Gagné.
8:22 of 1st period - Shot Misses the Net.
8:24 of 1st period - Wrist shot by Marc Savard.
8:24 of 1st period - Stopped by Kari Lehtonen without a rebound.
8:25 of 1st period - David Legwand wins face-off versus Mike Richards in Jets zone.
8:32 of 1st period - Wrist shot by R.J. Umberger.
8:32 of 1st period - Shot Misses the Net.
8:34 of 1st period - Slapshot by Dustin Byfuglien.
8:34 of 1st period - Shot Blocked by Oscar Klefbom.
8:36 of 1st period - Slapshot by Ryan Callahan.
8:36 of 1st period - Shot Blocked by Nino Niederreiter.
8:38 of 1st period - Backhand shot by Dustin Byfuglien.
8:38 of 1st period - Shot Blocked by Jared Spurgeon.
8:40 of 1st period - Slapshot by R.J. Umberger.
8:40 of 1st period - Stopped by Kari Lehtonen with a rebound.
8:50 of 1st period - Jared Spurgeon is hit by Jean-Pierre Dumont.
9:38 of 1st period - Wrist shot by George Parros.
9:38 of 1st period - Shot Blocked by Oscar Klefbom.
9:56 of 1st period - Snap shot by R.J. Umberger.
9:56 of 1st period - Goal by R.J. Umberger - Jets : 2 - Nordiques : 2.
9:57 of 1st period - Derek Stepan wins face-off versus David Legwand in neutral zone.
10:04 of 1st period - Snap shot by Derek Stepan.
10:04 of 1st period - Shot Misses the Net.
10:10 of 1st period - Snap shot by David Legwand.
10:10 of 1st period - Shot Misses the Net.
10:12 of 1st period - Slapshot by Jay Bouwmeester.
10:12 of 1st period - Shot Blocked by Marco Scandella.
10:22 of 1st period - Jay Bouwmeester is hit by Benoit Pouliot.
10:54 of 1st period - Wrist shot by Matt Cooke.
10:54 of 1st period - Shot Misses the Net.
11:10 of 1st period - Slapshot by David Legwand.
11:10 of 1st period - Stopped by Kari Lehtonen with a rebound.
11:12 of 1st period - Snap shot by R.J. Umberger.
11:12 of 1st period - Shot Misses the Net.
11:14 of 1st period - Snap shot by Trevor Daley.
11:14 of 1st period - Stopped by Kari Lehtonen with a rebound.
11:16 of 1st period - Backhand shot by Ryan Callahan.
11:16 of 1st period - Stopped by Kari Lehtonen with a rebound.
11:30 of 1st period - Wrist shot by Corey Perry.
11:30 of 1st period - Stopped by Jonathan Quick without a rebound.
11:31 of 1st period - Corey Perry wins face-off versus Vladimir Tarasenko in Nordiques zone.
11:44 of 1st period - Snap shot by Simon Gagné.
11:44 of 1st period - Shot Blocked by Jared Spurgeon.
11:46 of 1st period - Wrist shot by Simon Gagné.
11:46 of 1st period - Stopped by Kari Lehtonen without a rebound.
11:47 of 1st period - Mike Richards wins face-off versus David Legwand in Jets zone.
11:54 of 1st period - Backhand shot by Marco Scandella.
11:54 of 1st period - Stopped by Jonathan Quick without a rebound.
11:55 of 1st period - David Legwand wins face-off versus Mike Richards in Nordiques zone.
12:03 of 1st period - Off-side.
12:04 of 1st period - Derek Stepan wins face-off versus Marc Savard in neutral zone.
12:51 of 1st period - Slapshot by Kyle Calder.
12:51 of 1st period - Stopped by Kari Lehtonen without a rebound.
12:52 of 1st period - Derek Roy wins face-off versus Mike Fisher in Jets zone.
12:57 of 1st period - Snap shot by Tyler Myers.
12:57 of 1st period - Shot Blocked by Mark Eaton.
13:01 of 1st period - Snap shot by Derek Roy.
13:01 of 1st period - Stopped by Jonathan Quick without a rebound.
13:02 of 1st period - Derek Stepan wins face-off versus Marc Savard in Nordiques zone.
13:19 of 1st period - Snap shot by Vladimir Tarasenko.
13:19 of 1st period - Stopped by Kari Lehtonen without a rebound.
13:20 of 1st period - Mike Richards wins face-off versus David Legwand in Jets zone.
13:35 of 1st period - Wrist shot by Benoit Pouliot.
13:35 of 1st period - Stopped by Jonathan Quick without a rebound.
13:36 of 1st period - Marc Savard wins face-off versus Corey Perry in Nordiques zone.
13:46 of 1st period - Snap shot by Derek Stepan.
13:46 of 1st period - Shot Misses the Net.
14:02 of 1st period - Nino Niederreiter is hit by Jean-Pierre Dumont and loses puck.
14:11 of 1st period - Slapshot by Chris Drury.
14:11 of 1st period - Deflect By Matt Moulson.
14:11 of 1st period - Shot Misses the Net.
14:11 of 1st period - Puck is out of play.
14:12 of 1st period - Derek Stepan wins face-off versus David Legwand in Jets zone.
14:29 of 1st period - Wrist shot by Corey Perry.
14:29 of 1st period - Shot Misses the Net.
14:39 of 1st period - David Legwand is hit by Matt Cooke and loses puck.
14:50 of 1st period - Wrist shot by Derek Roy.
14:50 of 1st period - Stopped by Jonathan Quick without a rebound.
14:51 of 1st period - Mike Richards wins face-off versus Marc Savard in Nordiques zone.
16:14 of 1st period - Trevor Daley is hit by Ronalds Kenins.
16:43 of 1st period - Backhand shot by Joe Colborne.
16:43 of 1st period - Stopped by Jonathan Quick without a rebound.
16:44 of 1st period - Derek Stepan wins face-off versus Marc Savard in Nordiques zone.
18:00 of 1st period - Oscar Klefbom is hit by Ryan Ellis and loses puck.
18:16 of 1st period - Derek Stepan is hit by Marc Savard and loses puck.
18:33 of 1st period - Slapshot by Benoit Pouliot.
18:33 of 1st period - Shot Misses the Net.
18:35 of 1st period - Slapshot by Eric Gelinas.
18:35 of 1st period - Shot Blocked by Jean-Pierre Dumont.
18:37 of 1st period - Wrist shot by Jacob Trouba.
18:37 of 1st period - Deflect By Ryan Ellis.
18:37 of 1st period - Stopped by Jonathan Quick with a rebound.
18:39 of 1st period - Slapshot by Jacob Trouba.
18:39 of 1st period - Stopped by Jonathan Quick with a rebound.
18:41 of 1st period - Snap shot by Jacob Trouba.
18:41 of 1st period - Deflect By Matt Moulson.
18:41 of 1st period - Stopped by Jonathan Quick without a rebound.
18:42 of 1st period - Marc Savard wins face-off versus Derek Roy in Nordiques zone.
18:54 of 1st period - Minor Penalty to Simon Gagné for Tripping.
18:55 of 1st period - Marc Savard wins face-off versus Derek Stepan in Nordiques zone.
19:05 of 1st period - Slapshot by Derek Stepan.
19:05 of 1st period - Shot Blocked by Vladimir Tarasenko.
19:07 of 1st period - Slapshot by Marco Scandella.
19:07 of 1st period - Stopped by Jonathan Quick with a rebound.
19:09 of 1st period - Snap shot by Corey Perry.
19:09 of 1st period - Stopped by Jonathan Quick without a rebound.
19:10 of 1st period - Marc Savard wins face-off versus Derek Stepan in Nordiques zone.
19:23 of 1st period - Slapshot by Marc Savard.
19:23 of 1st period - Stopped by Kari Lehtonen with a rebound.
19:25 of 1st period - Slapshot by Fedor Tyutin.
19:25 of 1st period - Stopped by Kari Lehtonen with a rebound.
19:44 of 1st period - David Legwand is hit by Nino Niederreiter and loses puck.
Goals for this period are 2 for Jets vs 2 for Nordiques.
Shots for this period are 22 for Jets vs 15 for Nordiques.
2nd period
0:01 of 2nd period - Derek Stepan wins face-off versus Marc Savard in neutral zone.
0:54 of 2nd period - Penalty to Simon Gagné is over, Simon Gagné is back on ice.
1:09 of 2nd period - Snap shot by Matt Moulson.
1:09 of 2nd period - Shot Misses the Net.
2:28 of 2nd period - Jared Spurgeon is hit by Jean-Pierre Dumont.
2:39 of 2nd period - Icing by Derek Roy.
2:40 of 2nd period - Mike Fisher wins face-off versus Mike Richards in Jets zone.
2:55 of 2nd period - Wrist shot by Nino Niederreiter.
2:55 of 2nd period - Shot Misses the Net.
3:28 of 2nd period - Wrist shot by Derek Roy.
3:28 of 2nd period - Shot Misses the Net.
3:30 of 2nd period - Wrist shot by Matt Cooke.
3:30 of 2nd period - Stopped by Jonathan Quick without a rebound.
3:31 of 2nd period - Mike Richards wins face-off versus David Legwand in Nordiques zone.
3:32 of 2nd period - Snap shot by Benoit Pouliot.
3:32 of 2nd period - Shot Misses the Net.
3:34 of 2nd period - Wrist shot by Nino Niederreiter.
3:34 of 2nd period - Shot Misses the Net.
3:36 of 2nd period - Wrist shot by Mike Richards.
3:36 of 2nd period - Goal by Mike Richards - Jets : 3 - Nordiques : 2.
3:37 of 2nd period - Vladimir Tarasenko wins face-off versus Erik Haula in neutral zone.
3:42 of 2nd period - Snap shot by Vladimir Tarasenko.
3:42 of 2nd period - Stopped by Kari Lehtonen without a rebound.
3:43 of 2nd period - Marc Savard wins face-off versus Derek Stepan in Jets zone.
4:23 of 2nd period - Minor Penalty to Tyler Myers for Roughing.
4:24 of 2nd period - Marc Savard wins face-off versus Erik Haula in Jets zone.
4:32 of 2nd period - Wrist shot by Simon Gagné.
4:32 of 2nd period - Deflect By Nino Niederreiter.
4:32 of 2nd period - Goal by Simon Gagné - Jets : 3 - Nordiques : 3.
4:33 of 2nd period - Marc Savard wins face-off versus Mike Richards in neutral zone.
4:40 of 2nd period - Nino Niederreiter is hit by Simon Gagné and loses puck.
4:59 of 2nd period - Corey Perry is hit by R.J. Umberger and loses puck.
5:08 of 2nd period - Wrist shot by David Legwand.
5:08 of 2nd period - Stopped by Kari Lehtonen without a rebound.
5:09 of 2nd period - Marc Savard wins face-off versus Nino Niederreiter in Jets zone.
5:38 of 2nd period - Snap shot by Corey Perry.
5:38 of 2nd period - Shot Misses the Net.
5:40 of 2nd period - Wrist shot by Derek Stepan.
5:40 of 2nd period - Deflect By Corey Perry.
5:40 of 2nd period - Shot Misses the Net.
5:40 of 2nd period - Puck is out of play.
5:41 of 2nd period - Derek Stepan wins face-off versus David Legwand in Nordiques zone.
5:48 of 2nd period - Wrist shot by Corey Perry.
5:48 of 2nd period - Deflect By Erik Haula.
5:48 of 2nd period - Shot Misses the Net.
5:48 of 2nd period - Puck is out of play.
5:49 of 2nd period - David Legwand wins face-off versus Derek Stepan in Nordiques zone.
6:28 of 2nd period - Snap shot by Corey Perry.
6:28 of 2nd period - Shot Misses the Net.
6:42 of 2nd period - Snap shot by Ryan Ellis.
6:42 of 2nd period - Stopped by Kari Lehtonen without a rebound.
6:43 of 2nd period - Mike Richards wins face-off versus Marc Savard in Jets zone.
6:47 of 2nd period - Off-side.
6:48 of 2nd period - Marc Savard wins face-off versus Mike Richards in neutral zone.
6:53 of 2nd period - Slapshot by Marc Savard.
6:53 of 2nd period - Stopped by Kari Lehtonen without a rebound.
6:54 of 2nd period - Mike Richards wins face-off versus Marc Savard in Jets zone.
7:10 of 2nd period - Off-side.
7:11 of 2nd period - Chris Drury wins face-off versus Derek Stepan in neutral zone.
7:23 of 2nd period - Snap shot by Corey Perry.
7:23 of 2nd period - Stopped by Jonathan Quick without a rebound.
7:24 of 2nd period - Mike Richards wins face-off versus Marc Savard in Nordiques zone.
7:58 of 2nd period - Snap shot by Derek Stepan.
7:58 of 2nd period - Shot Blocked by Ryan Ellis.
8:18 of 2nd period - Wrist shot by Matt Moulson.
8:18 of 2nd period - Shot Blocked by Jacob Trouba.
8:54 of 2nd period - Tyler Myers is hit by Marc Savard and loses puck.
9:45 of 2nd period - Wrist shot by Benoit Pouliot.
9:45 of 2nd period - Shot Misses the Net.
10:25 of 2nd period - Jay Bouwmeester is hit by Joe Colborne.
10:29 of 2nd period - Wrist shot by Mike Fisher.
10:29 of 2nd period - Shot Misses the Net.
10:31 of 2nd period - Slapshot by Jay Bouwmeester.
10:31 of 2nd period - Deflect By George Parros.
10:31 of 2nd period - Shot Misses the Net.
10:31 of 2nd period - Puck is out of play.
10:32 of 2nd period - Mike Richards wins face-off versus Marc Savard in Jets zone.
10:32 of 2nd period - Mike Richards is hit by Marc Savard.
10:38 of 2nd period - Snap shot by Simon Gagné.
10:38 of 2nd period - Deflect By Marc Savard.
10:38 of 2nd period - Deflect By Nino Niederreiter.
10:38 of 2nd period - Stopped by Kari Lehtonen without a rebound.
10:39 of 2nd period - Marc Savard wins face-off versus Mike Richards in Jets zone.
10:51 of 2nd period - Icing by Mark Eaton.
10:52 of 2nd period - Mike Richards wins face-off versus Marc Savard in Nordiques zone.
11:12 of 2nd period - Snap shot by Vladimir Tarasenko.
11:12 of 2nd period - Stopped by Kari Lehtonen with a rebound.
11:14 of 2nd period - Slapshot by Mark Eaton.
11:14 of 2nd period - Stopped by Kari Lehtonen with a rebound.
11:16 of 2nd period - Snap shot by Vladimir Tarasenko.
11:16 of 2nd period - Shot Misses the Net.
11:20 of 2nd period - Snap shot by Vladimir Tarasenko.
11:20 of 2nd period - Stopped by Kari Lehtonen with a rebound.
11:38 of 2nd period - Slapshot by Marc Savard.
11:38 of 2nd period - Shot Misses the Net.
11:40 of 2nd period - Wrist shot by Marc Savard.
11:40 of 2nd period - Stopped by Kari Lehtonen without a rebound.
11:41 of 2nd period - Derek Stepan wins face-off versus Ryan Callahan in Jets zone.
13:02 of 2nd period - Wrist shot by David Legwand.
13:02 of 2nd period - Stopped by Kari Lehtonen without a rebound.
13:03 of 2nd period - Mike Richards wins face-off versus Marc Savard in Jets zone.
13:16 of 2nd period - Snap shot by Nino Niederreiter.
13:16 of 2nd period - Shot Blocked by Simon Gagné.
13:18 of 2nd period - Slapshot by Tyler Myers.
13:18 of 2nd period - Shot Blocked by Ryan Ellis.
14:17 of 2nd period - Wrist shot by Kevin Hayes.
14:17 of 2nd period - Stopped by Jonathan Quick with a rebound.
14:40 of 2nd period - Minor Penalty to Mike Fisher for Tripping.
14:41 of 2nd period - Marc Savard wins face-off versus Derek Stepan in Nordiques zone.
14:48 of 2nd period - Wrist shot by Derek Stepan.
14:48 of 2nd period - Stopped by Jonathan Quick without a rebound.
14:49 of 2nd period - Marc Savard wins face-off versus Benoit Pouliot in Nordiques zone.
15:30 of 2nd period - Marc Savard is hit by Corey Perry and loses puck.
15:39 of 2nd period - Snap shot by Corey Perry.
15:39 of 2nd period - Shot Misses the Net.
15:41 of 2nd period - Snap shot by Corey Perry.
15:41 of 2nd period - Shot Misses the Net.
15:43 of 2nd period - Slapshot by Marco Scandella.
15:43 of 2nd period - Stopped by Jonathan Quick without a rebound.
15:44 of 2nd period - David Legwand wins face-off versus Mike Richards in Nordiques zone.
16:18 of 2nd period - Icing by Nino Niederreiter.
16:19 of 2nd period - Mike Richards wins face-off versus Marc Savard in Jets zone.
16:40 of 2nd period - Penalty to Mike Fisher is over, Mike Fisher is back on ice.
17:10 of 2nd period - Snap shot by Marc Savard.
17:10 of 2nd period - Shot Misses the Net.
17:12 of 2nd period - Snap shot by Ryan Ellis.
17:12 of 2nd period - Stopped by Kari Lehtonen with a rebound.
17:14 of 2nd period - Slapshot by Jay Bouwmeester.
17:14 of 2nd period - Deflect By Oscar Klefbom.
17:14 of 2nd period - Stopped by Kari Lehtonen without a rebound.
17:15 of 2nd period - Derek Stepan wins face-off versus R.J. Umberger in Jets zone.
17:28 of 2nd period - Wrist shot by Corey Perry.
17:28 of 2nd period - Goal by Corey Perry - Jets : 4 - Nordiques : 3.
17:29 of 2nd period - David Legwand wins face-off versus Corey Perry in neutral zone.
17:36 of 2nd period - Wrist shot by Corey Perry.
17:36 of 2nd period - Deflect By Derek Stepan.
17:36 of 2nd period - Stopped by Jonathan Quick with a rebound.
17:38 of 2nd period - Wrist shot by Derek Stepan.
17:38 of 2nd period - Goal by Derek Stepan - Jets : 5 - Nordiques : 3.
17:39 of 2nd period - Marc Savard wins face-off versus Benoit Pouliot in neutral zone.
17:43 of 2nd period - Off-side.
17:44 of 2nd period - Mike Richards wins face-off versus Marc Savard in neutral zone.
18:35 of 2nd period - Slapshot by Chris Drury.
18:35 of 2nd period - Shot Misses the Net.
18:37 of 2nd period - Snap shot by Chris Drury.
18:37 of 2nd period - Shot Misses the Net.
19:26 of 2nd period - Trevor Daley is hit by Joe Colborne and loses puck.
19:57 of 2nd period - Wrist shot by Matt Cooke.
19:57 of 2nd period - Shot Misses the Net.
Goals for this period are 3 for Jets vs 1 for Nordiques.
Shots for this period are 9 for Jets vs 13 for Nordiques.
3rd period
0:01 of 3rd period - Marc Savard wins face-off versus Derek Stepan in neutral zone.
0:19 of 3rd period - Tyler Myers is hit by Vladimir Tarasenko.
0:29 of 3rd period - Benoit Pouliot is hit by R.J. Umberger and loses puck.
0:40 of 3rd period - Snap shot by David Legwand.
0:40 of 3rd period - Goal by David Legwand - Jets : 5 - Nordiques : 4.
0:41 of 3rd period - Marc Savard wins face-off versus Derek Stepan in neutral zone.
1:35 of 3rd period - Matt Moulson is hit by Eric Gelinas and loses puck.
2:27 of 3rd period - Off-side.
2:28 of 3rd period - David Legwand wins face-off versus Mike Richards in neutral zone.
3:28 of 3rd period - Slapshot by Derek Roy.
3:28 of 3rd period - Deflect By Lee Stempniak.
3:28 of 3rd period - Stopped by Jonathan Quick without a rebound.
3:29 of 3rd period - Marc Savard wins face-off versus Mike Richards in Nordiques zone.
3:56 of 3rd period - Erik Haula is hit by Ryan Ellis and loses puck.
4:21 of 3rd period - Wrist shot by Derek Roy.
4:21 of 3rd period - Stopped by Jonathan Quick without a rebound.
4:22 of 3rd period - Mike Richards wins face-off versus Chris Drury in Nordiques zone.
4:23 of 3rd period - Wrist shot by Benoit Pouliot.
4:23 of 3rd period - Deflect By Nino Niederreiter.
4:23 of 3rd period - Shot Blocked by Dustin Byfuglien.
4:23 of 3rd period - Puck is out of play.
4:24 of 3rd period - Marc Savard wins face-off versus Mike Richards in Nordiques zone.
4:24 of 3rd period - Marc Savard is hit by Nino Niederreiter.
4:30 of 3rd period - Vladimir Tarasenko is hit by Mike Richards.
4:55 of 3rd period - Snap shot by Corey Perry.
4:55 of 3rd period - Stopped by Jonathan Quick with a rebound.
4:57 of 3rd period - Slapshot by Marco Scandella.
4:57 of 3rd period - Shot Blocked by Mark Eaton.
4:59 of 3rd period - Slapshot by Marco Scandella.
4:59 of 3rd period - Shot Blocked by Ryan Callahan.
5:54 of 3rd period - Minor Penalty to Eric Gelinas for Tripping.
5:55 of 3rd period - Marc Savard wins face-off versus Erik Haula in Jets zone.
6:00 of 3rd period - Slapshot by Ryan Ellis.
6:00 of 3rd period - Shot Blocked by Oscar Klefbom.
6:33 of 3rd period - Wrist shot by R.J. Umberger.
6:33 of 3rd period - Stopped by Kari Lehtonen with a rebound.
7:54 of 3rd period - Penalty to Eric Gelinas is over, Eric Gelinas is back on ice.
9:08 of 3rd period - Fedor Tyutin is hit by Lee Stempniak.
9:15 of 3rd period - Icing by Tyler Myers.
9:16 of 3rd period - David Legwand wins face-off versus Corey Perry in Jets zone.
9:25 of 3rd period - Slapshot by David Legwand.
9:25 of 3rd period - Stopped by Kari Lehtonen with a rebound.
9:27 of 3rd period - Slapshot by Ryan Ellis.
9:27 of 3rd period - Deflect By David Legwand.
9:27 of 3rd period - Stopped by Kari Lehtonen without a rebound.
9:28 of 3rd period - Mike Richards wins face-off versus Marc Savard in Jets zone.
9:58 of 3rd period - Slapshot by Jacob Trouba.
9:58 of 3rd period - Shot Misses the Net.
10:02 of 3rd period - Snap shot by Lee Stempniak.
10:02 of 3rd period - Stopped by Jonathan Quick without a rebound.
10:03 of 3rd period - Derek Stepan wins face-off versus Matt Moulson in Nordiques zone.
10:04 of 3rd period - Wrist shot by Corey Perry.
10:04 of 3rd period - Stopped by Jonathan Quick without a rebound.
10:05 of 3rd period - Chris Drury wins face-off versus Derek Stepan in Nordiques zone.
10:16 of 3rd period - Snap shot by Matt Moulson.
10:16 of 3rd period - Deflect By Corey Perry.
10:16 of 3rd period - Shot Blocked by Marco Scandella.
10:16 of 3rd period - Puck is out of play.
10:17 of 3rd period - Derek Stepan wins face-off versus Marc Savard in Jets zone.
10:17 of 3rd period - Derek Stepan is hit by Ryan Ellis.
10:27 of 3rd period - Snap shot by Corey Perry.
10:27 of 3rd period - Shot Misses the Net.
10:29 of 3rd period - Slapshot by Tyler Myers.
10:29 of 3rd period - Deflect By Ryan Ellis.
10:29 of 3rd period - Stopped by Jonathan Quick with a rebound.
10:53 of 3rd period - Snap shot by Benoit Pouliot.
10:53 of 3rd period - Shot Blocked by Jay Bouwmeester.
11:41 of 3rd period - Snap shot by Corey Perry.
11:41 of 3rd period - Stopped by Jonathan Quick without a rebound.
11:42 of 3rd period - Marc Savard wins face-off versus Mike Richards in Nordiques zone.
11:42 of 3rd period - Marc Savard is hit by Benoit Pouliot.
11:55 of 3rd period - Icing by Trevor Daley.
11:56 of 3rd period - Derek Stepan wins face-off versus Marc Savard in Nordiques zone.
12:34 of 3rd period - Slapshot by David Legwand.
12:34 of 3rd period - Goal by David Legwand - Jets : 5 - Nordiques : 5.
12:35 of 3rd period - Derek Stepan wins face-off versus Marc Savard in neutral zone.
12:45 of 3rd period - Off-side.
12:46 of 3rd period - Mike Richards wins face-off versus Marc Savard in neutral zone.
12:50 of 3rd period - Off-side.
12:51 of 3rd period - Mike Richards wins face-off versus Vladimir Tarasenko in neutral zone.
13:18 of 3rd period - Wrist shot by Corey Perry.
13:18 of 3rd period - Shot Misses the Net.
14:02 of 3rd period - Snap shot by Nino Niederreiter.
14:02 of 3rd period - Stopped by Jonathan Quick without a rebound.
14:03 of 3rd period - Mike Richards wins face-off versus Mike Fisher in Nordiques zone.
14:08 of 3rd period - Snap shot by Mike Richards.
14:08 of 3rd period - Shot Misses the Net.
14:28 of 3rd period - Mark Eaton is hit by Derek Stepan and loses puck.
15:36 of 3rd period - Off-side.
15:37 of 3rd period - Mike Fisher wins face-off versus Derek Roy in neutral zone.
16:04 of 3rd period - Slapshot by Kyle Calder.
16:04 of 3rd period - Stopped by Kari Lehtonen without a rebound.
16:05 of 3rd period - Derek Stepan wins face-off versus Chris Drury in Jets zone.
16:16 of 3rd period - Wrist shot by Corey Perry.
16:16 of 3rd period - Shot Misses the Net.
16:18 of 3rd period - Wrist shot by Erik Haula.
16:18 of 3rd period - Shot Blocked by Ryan Ellis.
16:28 of 3rd period - Slapshot by Corey Perry.
16:28 of 3rd period - Stopped by Jonathan Quick without a rebound.
16:29 of 3rd period - Derek Roy wins face-off versus Marc Savard in Nordiques zone.
17:05 of 3rd period - Snap shot by Marc Savard.
17:05 of 3rd period - Shot Blocked by Marco Scandella.
17:07 of 3rd period - Wrist shot by Vladimir Tarasenko.
17:07 of 3rd period - Stopped by Kari Lehtonen with a rebound.
17:23 of 3rd period - Slapshot by Ryan Ellis.
17:23 of 3rd period - Shot Blocked by Nino Niederreiter.
17:47 of 3rd period - Slapshot by Ryan Ellis.
17:47 of 3rd period - Stopped by Kari Lehtonen with a rebound.
17:49 of 3rd period - Slapshot by Jay Bouwmeester.
17:49 of 3rd period - Stopped by Kari Lehtonen with a rebound.
17:51 of 3rd period - Snap shot by Jean-Pierre Dumont.
17:51 of 3rd period - Stopped by Kari Lehtonen with a rebound.
18:09 of 3rd period - Snap shot by Ryan Callahan.
18:09 of 3rd period - Deflect By Jacob Trouba.
18:09 of 3rd period - Stopped by Kari Lehtonen without a rebound.
18:10 of 3rd period - David Legwand wins face-off versus Joe Colborne in Jets zone.
18:11 of 3rd period - Wrist shot by R.J. Umberger.
18:11 of 3rd period - Stopped by Kari Lehtonen with a rebound.
18:30 of 3rd period - Snap shot by Kevin Hayes.
18:30 of 3rd period - Shot Misses the Net.
18:48 of 3rd period - Slapshot by Ronalds Kenins.
18:48 of 3rd period - Stopped by Jonathan Quick with a rebound.
18:54 of 3rd period - Slapshot by Oscar Klefbom.
18:54 of 3rd period - Deflect By Joe Colborne.
18:54 of 3rd period - Stopped by Jonathan Quick without a rebound.
18:55 of 3rd period - Chris Drury wins face-off versus Derek Roy in Nordiques zone.
19:10 of 3rd period - Snap shot by Jean-Pierre Dumont.
19:10 of 3rd period - Goal by Jean-Pierre Dumont - Jets : 5 - Nordiques : 6.
19:11 of 3rd period - Marc Savard wins face-off versus Corey Perry in neutral zone.
19:32 of 3rd period - Jets, Kari Lehtonen is pulled from the net.
Goals for this period are 0 for Jets vs 3 for Nordiques.
Shots for this period are 11 for Jets vs 13 for Nordiques.
Back to the Top